 Dungeon Crawl Stone Soup version 0.30-a0-723-gc1506a1cf0 (webtiles) character file.

Game seed: 5039628121875799760

21 tkbsonic5 the Digger (level 2, -2/15 HPs)
             Began as a Deep Elf Earth Elementalist on Jan 29, 2023.
             Slain by a gnoll
             ... wielding a +0 spear
              (6 damage)
             ... on level 1 of the Dungeon.
             The game lasted 00:03:28 (621 turns).

tkbsonic5 the Digger (Deep Elf Earth Elementalist)   Turns: 621, Time: 00:03:28

Health: -2/15      AC:  3    Str:  5    XL:     2   Next: 65%
Magic:  5/8        EV: 11    Int: 19    God:
Gold:   14         SH:  0    Dex: 15    Spells: 7/8 levels left

rFire   . . .      SeeInvis .    d - +0 short sword
rCold   . . .      Faith    .    (no shield)
rNeg    . . .      Spirit   .    f - +0 leather armour
rPois   .          Reflect  .    (no helmet)
rElec   .          Harm     .    (no cloak)
rCorr   .          Rampage  .    (no gloves)
Will    .....                    (no boots)
Stlth   ++                       (no amulet)
HPRegen 0.22/turn                (no ring)
MPRegen 0.11/turn                (no ring)

@: invisible
A: no striking features
a: no special abilities


You were on level 1 of the Dungeon.
You visited 1 branch of the dungeon, and saw 1 of its levels.

You collected 14 gold pieces.

Inventory:

Hand Weapons
 d - a +0 short sword (weapon)
Armour
 a - a +0 robe
 f - a +0 leather armour (worn)
 h - an orb of wrath
Scrolls
 g - 2 scrolls of teleportation
Potions
 i - a potion of might {unknown}


   Skills:
 + Level 0.0 Fighting
 * Level 0.2 Short Blades
 * Level 2.5 Dodging
 - Level 2.4 Stealth
 * Level 3.5 Spellcasting
 + Level 1.7 Transmutations
 * Level 3.6 Earth Magic


You had 7 spell levels left.
You knew the following spells:

 Your Spells              Type           Power      Damage    Failure   Level
a - Sandblast             Erth           34%        2d9       5%          1

Your spell library contained the following spells:

 Spells                   Type           Power      Damage    Failure   Level
 Passwall                 Tmut/Erth      10%        N/A       12%         2
 Stone Arrow              Conj/Erth      20%        3d8       34%         3
 Petrify                  Tmut/Erth      13%        N/A       61%         4


Dungeon Overview and Level Annotations

Branches:
Dungeon (1/15)

Altars:


Message History

Okay, then.
Your surroundings suddenly seem different.
A ball python comes into view.
You miscast Sandblast.
You are very lightly contaminated with residual magic.
Nothing appears to happen.
The blast of sand hits the ball python.
The ball python is severely wounded.
The ball python hisses angrily.
The blast of sand hits the ball python.
You kill the ball python!
Your magical contamination has completely faded away.
A dart slug comes into view.
The dart slug moves out of view.
A gnoll is nearby!
A dart slug comes into view.
The gnoll shouts!
You miscast Sandblast.
You are very lightly contaminated with residual magic.
Nothing appears to happen.
The blast of sand hits the gnoll!
The gnoll is almost dead.
A giant cockroach comes into view.
The gnoll hits you from afar with a +0 spear.
The blast of sand misses the gnoll.
The gnoll hits you from afar with a +0 spear.
The dart slug launches a dart at you. The slug dart misses you.
The dart slug launches a dart at you. The slug dart hits you.
The gnoll hits you from afar with a +0 spear.
* * * LOW HITPOINT WARNING * * *
The dart slug launches a dart at you. The slug dart hits you.
* * * LOW HITPOINT WARNING * * *
Your magical contamination has completely faded away.
Okay, then.
You fade into invisibility!
The gnoll hits you from afar with a +0 spear.
You die...

..#.#............................
####.#.###...............###...##
.....#.# ######...######## ###.##
#####..# #...# #.#. #.## #...#
#.#. ## #.# #...# #.#. .# #.#
#...# #... .# #.# ##.## ###. .#
#.# ##@## #. .####.# #####.B.###
#. ......# ........g..# ##
.#####.# ####.......# ## ...
...........# ....###...ww...#
..#..............
...g###..#.#.#.##. ..#.#
#........# ..


You could see a gnoll (unable to see you), 2 dart slugs and a giant cockroach
(unable to see you).

Vanquished Creatures
  A ball python (D:1)
  2 endoplasms (D:1)
  A giant cockroach (D:1)
  4 hobgoblins (D:1)
  4 jackals (D:1)
  3 bats (D:1)
  A frilled lizard (D:1)
  A kobold (D:1)
  A rat (D:1)
18 creatures vanquished.

Notes
Turn   | Place    | Note
-------+----------+-------------------------------------------
     0 | D:1      | tkbsonic5 the Deep Elf Earth Elementalist began the quest
                  | for the Orb.
     0 | D:1      | Reached XP level 1. HP: 10/10 MP: 6/6
   138 | D:1      | Reached XP level 2. HP: 4/15 MP: 4/8
   621 | D:1      | Slain by a gnoll

Illustrated notes

Levels and vault maps discovered:
D:1:      dpeg_arrival_tiny_a, layout_loops_cross,
          shapermc_ecumenical_altar_mp_ritualfount,
          nicolae_concentric_dashed_squares_mild

Action                     || total
---------------------------++-------
   Cast: Sandblast         ||    29
    Use: Potion            ||     2
         Scroll            ||     3
 Armour: Robe              ||     2
  Dodge: Dodged            ||    13

Table legend: (Time is in decaauts)
 A = Elapsed time spent in this place.
 B = Non-inter-level travel time spent in this place.
 C = Inter-level travel time spent in this place.
 D = Time resting spent in this place.
 E = Time spent auto-exploring this place.
 F = Levels seen in this place.
 G = Mean time per level.
                   A        B        C        D        E       F      G
               +--------+--------+--------+--------+--------+-----+--------+
         Total |    635 |    635 |      0 |      0 |    476 |   1 |  635.0 |
       Dungeon |    635 |    635 |      0 |      0 |    476 |   1 |  635.0 |
               +--------+--------+--------+--------+--------+-----+--------+

Top non-repeatable levels by time:
     D:1: 635 daAuts
